NULL
Full Scoreboard »»

Oilers vs Kings

Created - May 15, 2024 at 20:07

Goals
1 2 3 T
Oilers 1 1 0 2
Kings 0 2 1 3
Shots
1 2 3 T
Oilers 9 9 13 31
Kings 13 13 8 34

GoalsPenalties
1st period
1. Oilers , Bryan Rust 27 (Ryan McLeod 11, Brayden Yager 15) at 12:50
Nicolas Deslauriers (EDM) for Tripping (Minor) at 2:36
Aleksander Barkov (LAK) for Fighting (Major) at 10:19
Oskar Sundqvist (EDM) for Fighting (Major) at 10:19
Anze Kopitar (LAK) for Fighting (Major) at 10:55
Kailer Yamamoto (EDM) for Fighting (Major) at 10:55
2nd period
2. Oilers , Oskar Sundqvist 6 (Brayden Yager 16) at 5:45
3. Kings , Kevin Fiala 23 (Matvei Michkov 30, Anze Kopitar 37) at 7:45
4. Kings , Aleksander Barkov 24 (Noah Hanifin 21) at 9:08
Oscar Klefbom (LAK) for Roughing (Minor) at 12:42
Nicolas Deslauriers (EDM) for Roughing (Minor) at 15:04
3rd period
5. Kings , Matvei Michkov 29 (Aleksander Barkov 44) at 15:04 (PP)
Oskar Sundqvist (EDM) for Interference (Minor) at 2:01
Mattias Samuelsson (EDM) for Holding (Minor) at 13:23
Goalie Stats
Brian Elliott (EDM), 31 saves from 34 shots - (0.912), L, 2-6-1, 59:10 minutes
Anton Forsberg (LAK), 29 saves from 31 shots - (0.935), W, 16-11-1, 60:00 minutes
3 StarsOfficial
1 - Matvei Michkov (LAK)
2 - Brayden Yager (EDM)
3 - Kevin Fiala (LAK)
Referees : Unknown
Linesman : Unknown
Game Note
Aleksander Barkov and Oskar Sundqvist fight to a draw at 10:19 of 1st period
Anze Kopitar and Kailer Yamamoto fight to a draw at 10:55 of 1st period
12:50 of 1st period - Oilers goal is going for a video replay. After video review, Goal.



Team Name Goals Shots Shots Attemp Shots Blocked PIM HIT PP PK FO%
Oilers 231581218250 / 1 (0%)148%
Kings 334711212281 / 4 (25%)052%

Oilers
Player Name POS G A P +/- PIM HIT SHT SB MP PP MP PP SHT PK MP PK SHT FO% FOT GA TA
Alexander EdlerD000-1000117:330:0001:0600% 011
Brayden YagerC0222037015:320:0000:00069% 1600
Brett KulakD000-1020116:440:0000:1700% 000
Bryan RustC/RW1010003119:550:5903:47036% 2201
Cameron YorkD0001000020:460:5304:1000% 000
Dakota JoshuaC000000109:330:0000:00033% 300
Jason DickinsonC/LW000-1051217:580:5903:350100% 100
Jujhar KhairaC/LW/RW000-1011013:551:0000:1500% 010
Kailer YamamotoRW000-1511017:060:5903:380100% 120
Matthew WoodRW000-1042113:151:0000:000100% 110
Mattias SamuelssonD0001220019:560:5303:2100% 012
Nate DanielsonC000-1013016:521:0003:31041% 1710
Nicolas DeslauriersLW/RW000040219:580:0000:0000% 010
Oskar SundqvistC/RW1011724012:590:0000:00050% 200
Ryan McLeodC/LW0112013115:410:0000:3000% 020
Ryan ReavesRW000001019:330:0000:0000% 100
Samuel GirardD0000013122:301:0603:1100% 000
Seth JonesD0000010222:301:0603:1100% 001
Kings
Player Name POS G A P +/- PIM HIT SHT SB MP PP MP PP SHT PK MP PK SHT FO% FOT GA TA
Aleksander BarkovC1120541215:593:0100:00050% 2010
Anze KopitarC0111534014:474:3720:00042% 1202
Ben HuttonD0000010015:040:0000:1900% 000
Gabriel VilardiC0000021010:210:0200:530100% 200
Gustav ForslingD000-1000422:483:1000:4200% 001
Ilya LyubushkinD0000021015:430:0000:5800% 000
Kevin FialaC/LW/RW1011025017:204:3510:0000% 010
Kirill MarchenkoRW000000107:300:0000:0000% 000
Matvei MichkovRW1121023015:523:0110:1200% 100
Michael McCarronC/LW/RW000000207:450:0000:0000% 001
Noah HanifinD011-1021122:483:1000:4200% 011
Oscar KlefbomD0001201221:094:2810:0000% 011
Patrik LaineLW/RW0000014017:543:0100:000100% 101
Rickard RakellC/LW/RW000-1001015:550:0001:02067% 311
Ryan DonatoC/LW/RW000-1032015:470:0000:540100% 101
Vladislav GavrikovD0001031122:274:2801:1700% 001
William KarlssonC/LW/RW0000012119:344:3500:0000% 000
Yanni GourdeC/LW/RW000-1024119:150:0200:57050% 2400

Oilers

5 vs 5 Forward
Line #Left WingCenterRight WingPHYDFOFWanted %Time %Time Play
1Jason DickinsonBryan RustKailer Yamamoto1223026%12:45
2Jujhar KhairaNate DanielsonMatthew Wood1223026%12:46
3Ryan McLeodBrayden YagerOskar Sundqvist1223029%14:38
4Nicolas DeslauriersDakota JoshuaRyan Reaves1221019%9:33
5 vs 5 Defense
Line #DefenseDefensePHYDFOFWanted %Time %Time Play
1Seth JonesSamuel Girard1223031%15:21
2Mattias SamuelssonCameron York1223032%15:43
3Brett KulakAlexander Edler1223030%14:59
4Seth JonesSamuel Girard122107%3:39
Power Play Forward
Line #Left WingCenterRight WingPHYDFOFWanted %Time %Time Play
1Jason DickinsonBryan RustKailer Yamamoto1225050%0:59
2Jujhar KhairaNate DanielsonMatthew Wood1225050%1:00
Power Play Defense
Line #DefenseDefensePHYDFOFWanted %Time %Time Play
1Seth JonesSamuel Girard1225055%1:06
2Mattias SamuelssonCameron York1225045%0:53
Penalty Kill 4 Players Forward
Line #CenterWingPHYDFOFWanted %Time %Time Play
1Bryan RustKailer Yamamoto1225050%3:47
2Nate DanielsonJason Dickinson1225050%3:51
Penalty Kill 4 Players Defense
Line #DefenseDefensePHYDFOFWanted %Time %Time Play
1Seth JonesSamuel Girard1225045%3:28
2Mattias SamuelssonCameron York1225055%4:10
Penalty Kill 3 Players
Line #WingPHYDFOFWanted %Time %Time PlayDefenseDefensePHYDFOFWanted %Time %Time Play
1Bryan Rust122500%0:00 Seth JonesSamuel Girard122500%0:00
2Kailer Yamamoto122500%0:00 Mattias SamuelssonCameron York122500%0:00
4 vs 4 Forward
Line #CenterWingPHYDFOFWanted %Time %Time Play
1Bryan RustKailer Yamamoto122500%0:00
2Nate DanielsonJason Dickinson122500%0:00
4 vs 4 Defense
Line #DefensePHYDFOFWanted %Time %Time Play
1Seth JonesSamuel Girard122500%0:00
2Mattias SamuelssonCameron York122500%0:00
Last Minutes Offensive
Left WingCenterRight WingDefenseDefense
Jason DickinsonBryan RustKailer YamamotoSeth JonesSamuel Girard
Last Minutes Defensive
Left WingCenterRight WingDefenseDefense
Jason DickinsonBryan RustKailer YamamotoSeth JonesSamuel Girard
Time
Total ForwardTotal DefenseLast Minutes OffensiveLast Minutes Defensive
60:00 60:00 0:410:00
Extra Forwards
Normal PowerPlayPenalty Kill
Brayden Yager, Oskar Sundqvist, Ryan McLeodBrayden Yager, Oskar SundqvistRyan McLeod
Extra Defensemen
Normal PowerPlayPenalty Kill
Brett Kulak, Alexander Edler, Mattias SamuelssonBrett Kulak, Alexander EdlerMattias Samuelsson
Penalty Shots
Bryan Rust, Kailer Yamamoto, Nate Danielson, Jason Dickinson, Matthew Wood
Goalie
Brian Elliott, Elvis Merzlikins
Custom OT Lines Forwards
Bryan Rust, Kailer Yamamoto, Nate Danielson, Jason Dickinson, Matthew Wood, Brayden Yager, Jujhar Khaira, Oskar Sundqvist, Ryan McLeod, Nicolas Deslauriers
Custom OT Lines Defensemen
Seth Jones, Samuel Girard, Mattias Samuelsson, Cameron York, Brett Kulak
Scratches
Michael Eyssimont (Healthy), Adin Hill (Healthy), Alex Nedeljkovic (Healthy)

Kings

5 vs 5 Forward
Line #Left WingCenterRight WingPHYDFOFWanted %Time %Time Play
1Patrik LaineAleksander BarkovWilliam Karlsson1223028%13:51
2Kevin FialaAnze KopitarMatvei Michkov1223027%13:07
3Ryan DonatoYanni GourdeRickard Rakell1223030%14:53
4Michael McCarronGabriel VilardiKirill Marchenko1221015%7:30
5 vs 5 Defense
Line #DefenseDefensePHYDFOFWanted %Time %Time Play
1Noah HanifinGustav Forsling1223536%17:38
2Vladislav GavrikovOscar Klefbom1223535%17:02
3Ben HuttonIlya Lyubushkin1223030%14:41
4Noah HanifinGustav Forsling12200%0:00
Power Play Forward
Line #Left WingCenterRight WingPHYDFOFWanted %Time %Time Play
1Patrik LaineAleksander BarkovMatvei Michkov1225040%3:01
2Kevin FialaAnze KopitarWilliam Karlsson1225060%4:37
Power Play Defense
Line #DefenseDefensePHYDFOFWanted %Time %Time Play
1Noah HanifinGustav Forsling1225041%3:10
2Vladislav GavrikovOscar Klefbom1225059%4:28
Penalty Kill 4 Players Forward
Line #CenterWingPHYDFOFWanted %Time %Time Play
1Yanni GourdeRyan Donato1225048%0:57
2Gabriel VilardiRickard Rakell1225052%1:02
Penalty Kill 4 Players Defense
Line #DefenseDefensePHYDFOFWanted %Time %Time Play
1Oscar KlefbomVladislav Gavrikov1225065%1:17
2Noah HanifinGustav Forsling1225035%0:42
Penalty Kill 3 Players
Line #WingPHYDFOFWanted %Time %Time PlayDefenseDefensePHYDFOFWanted %Time %Time Play
1Aleksander Barkov122500%0:00 Noah HanifinGustav Forsling122500%0:00
2Anze Kopitar122500%0:00 Vladislav GavrikovOscar Klefbom122500%0:00
4 vs 4 Forward
Line #CenterWingPHYDFOFWanted %Time %Time Play
1Aleksander BarkovAnze Kopitar122500%0:00
2Patrik LaineWilliam Karlsson122500%0:00
4 vs 4 Defense
Line #DefensePHYDFOFWanted %Time %Time Play
1Noah HanifinGustav Forsling122500%0:00
2Vladislav GavrikovOscar Klefbom122500%0:00
Last Minutes Offensive
Left WingCenterRight WingDefenseDefense
Patrik LaineAleksander BarkovWilliam KarlssonNoah HanifinGustav Forsling
Last Minutes Defensive
Left WingCenterRight WingDefenseDefense
Patrik LaineAleksander BarkovWilliam KarlssonNoah HanifinGustav Forsling
Time
Total ForwardTotal DefenseLast Minutes OffensiveLast Minutes Defensive
60:00 60:00 0:001:02
Extra Forwards
Normal PowerPlayPenalty Kill
Yanni Gourde, Gabriel Vilardi, Matvei MichkovYanni Gourde, Gabriel VilardiMatvei Michkov
Extra Defensemen
Normal PowerPlayPenalty Kill
Ben Hutton, Ilya Lyubushkin, Vladislav GavrikovBen Hutton, Ilya LyubushkinVladislav Gavrikov
Penalty Shots
Aleksander Barkov, Anze Kopitar, Patrik Laine, William Karlsson, Kevin Fiala
Goalie
Anton Forsberg, Pheonix Copley
Custom OT Lines Forwards
Aleksander Barkov, Anze Kopitar, Patrik Laine, William Karlsson, Kevin Fiala, Rickard Rakell, Yanni Gourde, Gabriel Vilardi, Matvei Michkov, Ryan Donato
Custom OT Lines Defensemen
Noah Hanifin, Gustav Forsling, Vladislav Gavrikov, Oscar Klefbom, Ben Hutton
Scratches
Joel Hanley (Healthy), Nicolas Aube-Kubel (Healthy)


Play-by-Play

1st period


0:01 of 1st period - Aleksander Barkov wins face-off versus Bryan Rust in neutral zone.
0:09 of 1st period - Wrist shot by Aleksander Barkov.
0:09 of 1st period - Shot Misses the Net.
0:27 of 1st period - Gustav Forsling is hit by Matthew Wood and loses puck.
1:16 of 1st period - Snap shot by Gabriel Vilardi.
1:16 of 1st period - Shot Blocked by Ryan Reaves.
1:18 of 1st period - Slapshot by Michael McCarron.
1:18 of 1st period - Shot Misses the Net.
1:20 of 1st period - Snap shot by Gabriel Vilardi.
1:20 of 1st period - Shot Misses the Net.
1:22 of 1st period - Snap shot by Kirill Marchenko.
1:22 of 1st period - Shot Misses the Net.
1:24 of 1st period - Snap shot by Gabriel Vilardi.
1:24 of 1st period - Shot Misses the Net.
1:58 of 1st period - Mattias Samuelsson is hit by Kevin Fiala and loses puck.
2:36 of 1st period - Minor Penalty to Nicolas Deslauriers for Tripping.
2:37 of 1st period - Aleksander Barkov wins face-off versus Bryan Rust in Oilers zone.
2:55 of 1st period - Gustav Forsling is hit by Mattias Samuelsson and loses puck.
3:27 of 1st period - Samuel Girard is hit by Vladislav Gavrikov and loses puck.
4:36 of 1st period - Penalty to Nicolas Deslauriers is over, Nicolas Deslauriers is back on ice.
4:46 of 1st period - Snap shot by Ryan McLeod.
4:46 of 1st period - Stopped by Anton Forsberg with a rebound.
5:25 of 1st period - Alexander Edler is hit by Ilya Lyubushkin and loses puck.
6:40 of 1st period - Ben Hutton is hit by Matthew Wood and loses puck.
8:06 of 1st period - Snap shot by Kirill Marchenko.
8:06 of 1st period - Shot Blocked by Nicolas Deslauriers.
8:08 of 1st period - Snap shot by Michael McCarron.
8:08 of 1st period - Stopped by Brian Elliott with a rebound.
8:26 of 1st period - Snap shot by Nicolas Deslauriers.
8:26 of 1st period - Stopped by Anton Forsberg without a rebound.
8:27 of 1st period - Yanni Gourde wins face-off versus Bryan Rust in Kings zone.
8:53 of 1st period - Kevin Fiala is hit by Seth Jones.
8:57 of 1st period - Samuel Girard is hit by Ilya Lyubushkin and loses puck.
9:19 of 1st period - Seth Jones is hit by Patrik Laine and loses puck.
9:34 of 1st period - Snap shot by Kirill Marchenko.
9:34 of 1st period - Stopped by Brian Elliott without a rebound.
9:35 of 1st period - Yanni Gourde wins face-off versus Bryan Rust in Oilers zone.
9:36 of 1st period - Wrist shot by Rickard Rakell.
9:36 of 1st period - Shot Misses the Net.
9:39 of 1st period - Icing by Kailer Yamamoto.
9:40 of 1st period - Rickard Rakell wins face-off versus Bryan Rust in Oilers zone.
10:14 of 1st period - Off-side.
10:15 of 1st period - Oskar Sundqvist wins face-off versus Aleksander Barkov in neutral zone.
10:19 of 1st period - Aleksander Barkov and Oskar Sundqvist fight to a draw.
10:19 of 1st period - Penalty to Aleksander Barkov for Fighting.
10:19 of 1st period - Penalty to Oskar Sundqvist for Fighting.
10:20 of 1st period - Yanni Gourde wins face-off versus Brayden Yager in Kings zone.
10:20 of 1st period - Yanni Gourde is hit by Brayden Yager.
10:46 of 1st period - Nate Danielson is hit by Anze Kopitar and loses puck.
10:51 of 1st period - Snap shot by Matvei Michkov.
10:51 of 1st period - Stopped by Brian Elliott with a rebound.
10:53 of 1st period - Slapshot by Gustav Forsling.
10:53 of 1st period - Deflect By Anze Kopitar.
10:53 of 1st period - Shot Blocked by Brett Kulak.
10:53 of 1st period - Puck is out of play.
10:54 of 1st period - Bryan Rust wins face-off versus Matvei Michkov in Oilers zone.
10:54 of 1st period - Bryan Rust is hit by Anze Kopitar.
10:55 of 1st period - Anze Kopitar and Kailer Yamamoto fight to a draw.
10:55 of 1st period - Penalty to Anze Kopitar for Fighting.
10:55 of 1st period - Penalty to Kailer Yamamoto for Fighting.
10:56 of 1st period - Yanni Gourde wins face-off versus Nate Danielson in Oilers zone.
11:21 of 1st period - Bryan Rust is hit by Kevin Fiala.
11:31 of 1st period - Brayden Yager is hit by Gabriel Vilardi and loses puck.
11:44 of 1st period - Snap shot by Rickard Rakell.
11:44 of 1st period - Shot Hit the Post.
11:46 of 1st period - Snap shot by Ryan Donato.
11:46 of 1st period - Stopped by Brian Elliott with a rebound.
11:48 of 1st period - Wrist shot by Yanni Gourde.
11:48 of 1st period - Stopped by Brian Elliott without a rebound.
11:49 of 1st period - Yanni Gourde wins face-off versus Dakota Joshua in Oilers zone.
11:58 of 1st period - Backhand shot by Patrik Laine.
11:58 of 1st period - Stopped by Brian Elliott with a rebound.
12:00 of 1st period - Slapshot by Vladislav Gavrikov.
12:00 of 1st period - Stopped by Brian Elliott with a rebound.
12:02 of 1st period - Slapshot by William Karlsson.
12:02 of 1st period - Stopped by Brian Elliott with a rebound.
12:14 of 1st period - Brayden Yager is hit by Vladislav Gavrikov and loses puck.
12:21 of 1st period - Backhand shot by Matvei Michkov.
12:21 of 1st period - Shot Blocked by Jason Dickinson.
12:33 of 1st period - Ben Hutton is hit by Matthew Wood and loses puck.
12:44 of 1st period - Slapshot by Nate Danielson.
12:44 of 1st period - Stopped by Anton Forsberg without a rebound.
12:45 of 1st period - Brayden Yager wins face-off versus Yanni Gourde in Kings zone.
12:46 of 1st period - Wrist shot by Bryan Rust.
12:46 of 1st period - Stopped by Anton Forsberg with a rebound.
12:48 of 1st period - Slapshot by Ryan McLeod.
12:48 of 1st period - Stopped by Anton Forsberg with a rebound.
12:50 of 1st period - Wrist shot by Bryan Rust.
12:50 of 1st period - Oilers goal is going for a video replay.
12:50 of 1st period - The goal is good.
12:50 of 1st period - Goal by Bryan Rust - Oilers : 1 - Kings : 0.
12:51 of 1st period - Bryan Rust wins face-off versus Yanni Gourde in neutral zone.
13:04 of 1st period - Snap shot by Matvei Michkov.
13:04 of 1st period - Deflect By Yanni Gourde.
13:04 of 1st period - Shot Misses the Net.
13:04 of 1st period - Puck is out of play.
13:05 of 1st period - Yanni Gourde wins face-off versus Nate Danielson in Oilers zone.
13:41 of 1st period - Snap shot by Brayden Yager.
13:41 of 1st period - Stopped by Anton Forsberg without a rebound.
13:42 of 1st period - Yanni Gourde wins face-off versus Nate Danielson in Kings zone.
14:04 of 1st period - Icing by Nate Danielson.
14:05 of 1st period - Gabriel Vilardi wins face-off versus Nate Danielson in Oilers zone.
14:14 of 1st period - Slapshot by William Karlsson.
14:14 of 1st period - Stopped by Brian Elliott without a rebound.
14:15 of 1st period - Bryan Rust wins face-off versus Yanni Gourde in Oilers zone.
14:24 of 1st period - Patrik Laine is hit by Jason Dickinson.
15:28 of 1st period - Icing by Ryan McLeod.
15:29 of 1st period - Brayden Yager wins face-off versus Yanni Gourde in Oilers zone.
15:29 of 1st period - Brayden Yager is hit by Matvei Michkov.
15:49 of 1st period - Icing by Ben Hutton.
15:50 of 1st period - Yanni Gourde wins face-off versus Nate Danielson in Kings zone.
16:05 of 1st period - Snap shot by Matvei Michkov.
16:05 of 1st period - Stopped by Brian Elliott with a rebound.
16:07 of 1st period - Slapshot by Kevin Fiala.
16:07 of 1st period - Stopped by Brian Elliott with a rebound.
16:09 of 1st period - Wrist shot by Matvei Michkov.
16:09 of 1st period - Shot Blocked by Samuel Girard.
16:11 of 1st period - Slapshot by Ilya Lyubushkin.
16:11 of 1st period - Shot Misses the Net.
16:13 of 1st period - Snap shot by Kevin Fiala.
16:13 of 1st period - Shot Misses the Net.
16:39 of 1st period - Snap shot by Kevin Fiala.
16:39 of 1st period - Shot Blocked by Matthew Wood.
16:41 of 1st period - Slapshot by Ilya Lyubushkin.
16:41 of 1st period - Stopped by Brian Elliott without a rebound.
16:42 of 1st period - Kailer Yamamoto wins face-off versus Aleksander Barkov in Oilers zone.
16:47 of 1st period - Patrik Laine is hit by Jason Dickinson and loses puck.
17:08 of 1st period - Ryan McLeod is hit by Gabriel Vilardi and loses puck.
17:17 of 1st period - Slapshot by Gabriel Vilardi.
17:17 of 1st period - Stopped by Brian Elliott with a rebound.
17:19 of 1st period - Slapshot by Gustav Forsling.
17:19 of 1st period - Shot Misses the Net.
17:33 of 1st period - Slapshot by Ryan McLeod.
17:33 of 1st period - Shot Blocked by Gustav Forsling.
17:56 of 1st period - Snap shot by Kailer Yamamoto.
17:56 of 1st period - Stopped by Anton Forsberg with a rebound.
18:32 of 1st period - Snap shot by Cameron York.
18:32 of 1st period - Deflect By Nicolas Deslauriers.
18:32 of 1st period - Stopped by Anton Forsberg with a rebound.
Goals for this period are 1 for Oilers vs 0 for Kings.
Shots for this period are 9 for Oilers vs 13 for Kings.

2nd period


0:01 of 2nd period - Yanni Gourde wins face-off versus Bryan Rust in neutral zone.
0:20 of 2nd period - Ryan Donato is hit by Jason Dickinson and loses puck.
0:41 of 2nd period - Slapshot by Patrik Laine.
0:41 of 2nd period - Stopped by Brian Elliott without a rebound.
0:42 of 2nd period - Anze Kopitar wins face-off versus Nate Danielson in Oilers zone.
1:07 of 2nd period - Rickard Rakell is hit by Kailer Yamamoto.
1:08 of 2nd period - Icing by Rickard Rakell.
1:09 of 2nd period - Bryan Rust wins face-off versus Yanni Gourde in Kings zone.
1:24 of 2nd period - Slapshot by Yanni Gourde.
1:24 of 2nd period - Stopped by Brian Elliott without a rebound.
1:25 of 2nd period - Brayden Yager wins face-off versus Aleksander Barkov in Oilers zone.
1:34 of 2nd period - Brayden Yager is hit by Vladislav Gavrikov and loses puck.
1:51 of 2nd period - Bryan Rust is hit by Yanni Gourde and loses puck.
2:15 of 2nd period - Matthew Wood is hit by Noah Hanifin and loses puck.
2:39 of 2nd period - Noah Hanifin is hit by Brett Kulak and loses puck.
2:52 of 2nd period - Gustav Forsling is hit by Brett Kulak and loses puck.
3:09 of 2nd period - Snap shot by Gabriel Vilardi.
3:09 of 2nd period - Deflect By Michael McCarron.
3:09 of 2nd period - Stopped by Brian Elliott without a rebound.
3:10 of 2nd period - Jason Dickinson wins face-off versus Yanni Gourde in Oilers zone.
3:10 of 2nd period - Jason Dickinson is hit by Ben Hutton.
3:47 of 2nd period - Slapshot by Matthew Wood.
3:47 of 2nd period - Shot Blocked by Aleksander Barkov.
3:49 of 2nd period - Slapshot by Seth Jones.
3:49 of 2nd period - Shot Misses the Net.
4:41 of 2nd period - Icing by Kailer Yamamoto.
4:42 of 2nd period - Yanni Gourde wins face-off versus Bryan Rust in Oilers zone.
4:53 of 2nd period - Bryan Rust is hit by Yanni Gourde and loses puck.
5:14 of 2nd period - Oscar Klefbom is hit by Jason Dickinson.
5:35 of 2nd period - Snap shot by Kailer Yamamoto.
5:35 of 2nd period - Shot Misses the Net.
5:37 of 2nd period - Wrist shot by Bryan Rust.
5:37 of 2nd period - Shot Blocked by Oscar Klefbom.
5:39 of 2nd period - Snap shot by Jason Dickinson.
5:39 of 2nd period - Stopped by Anton Forsberg without a rebound.
5:40 of 2nd period - Brayden Yager wins face-off versus Aleksander Barkov in Kings zone.
5:41 of 2nd period - Wrist shot by Oskar Sundqvist.
5:41 of 2nd period - Stopped by Anton Forsberg without a rebound.
5:42 of 2nd period - Brayden Yager wins face-off versus Aleksander Barkov in Kings zone.
5:43 of 2nd period - Slapshot by Oskar Sundqvist.
5:43 of 2nd period - Shot Blocked by Aleksander Barkov.
5:45 of 2nd period - Snap shot by Oskar Sundqvist.
5:45 of 2nd period - Goal by Oskar Sundqvist - Oilers : 2 - Kings : 0.
5:46 of 2nd period - Aleksander Barkov wins face-off versus Brayden Yager in neutral zone.
6:03 of 2nd period - Wrist shot by Patrik Laine.
6:03 of 2nd period - Stopped by Brian Elliott with a rebound.
6:19 of 2nd period - Slapshot by Seth Jones.
6:19 of 2nd period - Shot Misses the Net.
6:49 of 2nd period - Snap shot by Yanni Gourde.
6:49 of 2nd period - Shot Misses the Net.
7:45 of 2nd period - Snap shot by Kevin Fiala.
7:45 of 2nd period - Goal by Kevin Fiala - Oilers : 2 - Kings : 1.
7:46 of 2nd period - Brayden Yager wins face-off versus Aleksander Barkov in neutral zone.
7:57 of 2nd period - Snap shot by Brayden Yager.
7:57 of 2nd period - Shot Misses the Net.
7:59 of 2nd period - Slapshot by Samuel Girard.
7:59 of 2nd period - Stopped by Anton Forsberg without a rebound.
8:00 of 2nd period - Nate Danielson wins face-off versus Anze Kopitar in Kings zone.
8:22 of 2nd period - Icing by Seth Jones.
8:23 of 2nd period - Brayden Yager wins face-off versus Aleksander Barkov in Oilers zone.
8:28 of 2nd period - Snap shot by Brayden Yager.
8:28 of 2nd period - Shot Blocked by Oscar Klefbom.
8:30 of 2nd period - Slapshot by Brayden Yager.
8:30 of 2nd period - Stopped by Anton Forsberg without a rebound.
8:31 of 2nd period - Brayden Yager wins face-off versus Yanni Gourde in Kings zone.
8:34 of 2nd period - Snap shot by Brayden Yager.
8:34 of 2nd period - Stopped by Anton Forsberg without a rebound.
8:35 of 2nd period - Yanni Gourde wins face-off versus Brayden Yager in Kings zone.
8:35 of 2nd period - Yanni Gourde is hit by Oskar Sundqvist.
8:43 of 2nd period - Wrist shot by Brayden Yager.
8:43 of 2nd period - Stopped by Anton Forsberg with a rebound.
8:51 of 2nd period - Slapshot by Brayden Yager.
8:51 of 2nd period - Shot Blocked by Gustav Forsling.
9:01 of 2nd period - Kailer Yamamoto is hit by Aleksander Barkov and loses puck.
9:08 of 2nd period - Snap shot by Aleksander Barkov.
9:08 of 2nd period - Goal by Aleksander Barkov - Oilers : 2 - Kings : 2.
9:09 of 2nd period - Nate Danielson wins face-off versus Anze Kopitar in neutral zone.
9:13 of 2nd period - Icing by Vladislav Gavrikov.
9:14 of 2nd period - Nate Danielson wins face-off versus Anze Kopitar in Kings zone.
9:15 of 2nd period - Wrist shot by Matthew Wood.
9:15 of 2nd period - Stopped by Anton Forsberg with a rebound.
9:43 of 2nd period - Patrik Laine is hit by Brayden Yager and loses puck.
10:02 of 2nd period - Snap shot by Yanni Gourde.
10:02 of 2nd period - Stopped by Brian Elliott with a rebound.
10:04 of 2nd period - Snap shot by Rickard Rakell.
10:04 of 2nd period - Stopped by Brian Elliott with a rebound.
10:06 of 2nd period - Wrist shot by Ryan Donato.
10:06 of 2nd period - Stopped by Brian Elliott without a rebound.
10:07 of 2nd period - Bryan Rust wins face-off versus Anze Kopitar in Oilers zone.
10:07 of 2nd period - Bryan Rust is hit by Anze Kopitar.
10:19 of 2nd period - Slapshot by Kevin Fiala.
10:19 of 2nd period - Stopped by Brian Elliott without a rebound.
10:20 of 2nd period - Patrik Laine wins face-off versus Oskar Sundqvist in Oilers zone.
10:31 of 2nd period - Snap shot by Patrik Laine.
10:31 of 2nd period - Shot Misses the Net.
11:14 of 2nd period - Slapshot by Matvei Michkov.
11:14 of 2nd period - Deflect By Anze Kopitar.
11:14 of 2nd period - Stopped by Brian Elliott without a rebound.
11:15 of 2nd period - Aleksander Barkov wins face-off versus Brayden Yager in Oilers zone.
11:42 of 2nd period - Samuel Girard is hit by Ryan Donato and loses puck.
11:51 of 2nd period - Snap shot by Bryan Rust.
11:51 of 2nd period - Stopped by Anton Forsberg with a rebound.
12:42 of 2nd period - Minor Penalty to Oscar Klefbom for Roughing.
12:43 of 2nd period - Ryan Donato wins face-off versus Bryan Rust in Kings zone.
13:11 of 2nd period - Yanni Gourde is hit by Jujhar Khaira and loses puck.
14:42 of 2nd period - Penalty to Oscar Klefbom is over, Oscar Klefbom is back on ice.
15:04 of 2nd period - Minor Penalty to Nicolas Deslauriers for Roughing.
15:05 of 2nd period - Anze Kopitar wins face-off versus Bryan Rust in Oilers zone.
15:10 of 2nd period - Wrist shot by Anze Kopitar.
15:10 of 2nd period - Shot Misses the Net.
15:12 of 2nd period - Wrist shot by William Karlsson.
15:12 of 2nd period - Deflect By Anze Kopitar.
15:12 of 2nd period - Stopped by Brian Elliott with a rebound.
15:14 of 2nd period - Wrist shot by Gustav Forsling.
15:14 of 2nd period - Shot Blocked by Bryan Rust.
15:16 of 2nd period - Slapshot by Gustav Forsling.
15:16 of 2nd period - Shot Misses the Net.
15:18 of 2nd period - Slapshot by Gustav Forsling.
15:18 of 2nd period - Shot Misses the Net.
17:04 of 2nd period - Penalty to Nicolas Deslauriers is over, Nicolas Deslauriers is back on ice.
17:15 of 2nd period - Snap shot by Yanni Gourde.
17:15 of 2nd period - Stopped by Brian Elliott with a rebound.
Goals for this period are 1 for Oilers vs 2 for Kings.
Shots for this period are 9 for Oilers vs 13 for Kings.

3rd period


0:01 of 3rd period - Anze Kopitar wins face-off versus Nate Danielson in neutral zone.
0:14 of 3rd period - Off-side.
0:15 of 3rd period - Yanni Gourde wins face-off versus Bryan Rust in neutral zone.
0:17 of 3rd period - Off-side.
0:18 of 3rd period - Bryan Rust wins face-off versus Yanni Gourde in neutral zone.
0:29 of 3rd period - Samuel Girard is hit by Ryan Donato and loses puck.
1:10 of 3rd period - Snap shot by Aleksander Barkov.
1:10 of 3rd period - Shot Blocked by Seth Jones.
1:12 of 3rd period - Slapshot by Ilya Lyubushkin.
1:12 of 3rd period - Deflect By Aleksander Barkov.
1:12 of 3rd period - Shot Misses the Net.
1:12 of 3rd period - Puck is out of play.
1:13 of 3rd period - Bryan Rust wins face-off versus Yanni Gourde in Oilers zone.
1:30 of 3rd period - Ryan Donato is hit by Mattias Samuelsson and loses puck.
1:49 of 3rd period - Snap shot by Matvei Michkov.
1:49 of 3rd period - Shot Blocked by Alexander Edler.
1:51 of 3rd period - Snap shot by Anze Kopitar.
1:51 of 3rd period - Stopped by Brian Elliott with a rebound.
1:53 of 3rd period - Wrist shot by Matvei Michkov.
1:53 of 3rd period - Shot Misses the Net.
1:55 of 3rd period - Slapshot by Noah Hanifin.
1:55 of 3rd period - Stopped by Brian Elliott with a rebound.
2:01 of 3rd period - Minor Penalty to Oskar Sundqvist for Interference.
2:02 of 3rd period - Aleksander Barkov wins face-off versus Nate Danielson in Oilers zone.
2:32 of 3rd period - Wrist shot by Kevin Fiala.
2:32 of 3rd period - Shot Hit the Post.
3:08 of 3rd period - Cameron York is hit by Aleksander Barkov and loses puck.
3:31 of 3rd period - Kailer Yamamoto is hit by William Karlsson and loses puck.
4:01 of 3rd period - Penalty to Oskar Sundqvist is over, Oskar Sundqvist is back on ice.
4:42 of 3rd period - Off-side.
4:43 of 3rd period - Brayden Yager wins face-off versus Yanni Gourde in neutral zone.
4:46 of 3rd period - Ben Hutton is hit by Oskar Sundqvist and loses puck.
4:58 of 3rd period - Ilya Lyubushkin is hit by Brayden Yager and loses puck.
5:15 of 3rd period - Snap shot by Patrik Laine.
5:15 of 3rd period - Stopped by Brian Elliott without a rebound.
5:16 of 3rd period - Nate Danielson wins face-off versus Aleksander Barkov in Oilers zone.
5:16 of 3rd period - Nate Danielson is hit by Noah Hanifin.
5:31 of 3rd period - Matthew Wood is hit by Aleksander Barkov and loses puck.
6:06 of 3rd period - Wrist shot by Nicolas Deslauriers.
6:06 of 3rd period - Shot Misses the Net.
6:08 of 3rd period - Wrist shot by Nicolas Deslauriers.
6:08 of 3rd period - Shot Misses the Net.
6:10 of 3rd period - Wrist shot by Nicolas Deslauriers.
6:10 of 3rd period - Shot Blocked by Vladislav Gavrikov.
6:12 of 3rd period - Slapshot by Mattias Samuelsson.
6:12 of 3rd period - Deflect By Nicolas Deslauriers.
6:12 of 3rd period - Shot Misses the Net.
6:12 of 3rd period - Puck is out of play.
6:13 of 3rd period - Aleksander Barkov wins face-off versus Nate Danielson in Kings zone.
6:13 of 3rd period - Aleksander Barkov is hit by Samuel Girard.
6:33 of 3rd period - Patrik Laine is hit by Nate Danielson and loses puck.
7:02 of 3rd period - Kailer Yamamoto is hit by Aleksander Barkov and loses puck.
7:16 of 3rd period - Icing by Aleksander Barkov.
7:17 of 3rd period - Matthew Wood wins face-off versus Aleksander Barkov in Kings zone.
8:31 of 3rd period - Off-side.
8:32 of 3rd period - Nate Danielson wins face-off versus Anze Kopitar in neutral zone.
8:57 of 3rd period - Jason Dickinson is hit by Ryan Donato and loses puck.
9:20 of 3rd period - Snap shot by Nicolas Deslauriers.
9:20 of 3rd period - Deflect By Dakota Joshua.
9:20 of 3rd period - Stopped by Anton Forsberg without a rebound.
9:21 of 3rd period - Anze Kopitar wins face-off versus Ryan Reaves in Kings zone.
9:46 of 3rd period - Slapshot by Cameron York.
9:46 of 3rd period - Shot Blocked by William Karlsson.
10:12 of 3rd period - Snap shot by Rickard Rakell.
10:12 of 3rd period - Shot Hit the Post.
10:37 of 3rd period - Oscar Klefbom is hit by Ryan McLeod and loses puck.
10:54 of 3rd period - Snap shot by Matthew Wood.
10:54 of 3rd period - Deflect By Nate Danielson.
10:54 of 3rd period - Stopped by Anton Forsberg with a rebound.
10:56 of 3rd period - Wrist shot by Jujhar Khaira.
10:56 of 3rd period - Shot Misses the Net.
10:58 of 3rd period - Snap shot by Nate Danielson.
10:58 of 3rd period - Stopped by Anton Forsberg with a rebound.
11:12 of 3rd period - Snap shot by Kevin Fiala.
11:12 of 3rd period - Stopped by Brian Elliott with a rebound.
12:14 of 3rd period - Anze Kopitar is hit by Matthew Wood and loses puck.
12:21 of 3rd period - Snap shot by Matthew Wood.
12:21 of 3rd period - Stopped by Anton Forsberg with a rebound.
12:23 of 3rd period - Snap shot by Jujhar Khaira.
12:23 of 3rd period - Stopped by Anton Forsberg without a rebound.
12:24 of 3rd period - Aleksander Barkov wins face-off versus Bryan Rust in Kings zone.
12:26 of 3rd period - Icing by William Karlsson.
12:27 of 3rd period - Aleksander Barkov wins face-off versus Bryan Rust in Kings zone.
12:27 of 3rd period - Aleksander Barkov is hit by Jason Dickinson.
12:38 of 3rd period - Off-side.
12:39 of 3rd period - Anze Kopitar wins face-off versus Nate Danielson in neutral zone.
13:23 of 3rd period - Minor Penalty to Mattias Samuelsson for Holding.
13:24 of 3rd period - Nate Danielson wins face-off versus Anze Kopitar in Oilers zone.
13:48 of 3rd period - Icing by Anze Kopitar.
13:49 of 3rd period - Nate Danielson wins face-off versus Anze Kopitar in Kings zone.
14:05 of 3rd period - Slapshot by Anze Kopitar.
14:05 of 3rd period - Shot Misses the Net.
14:07 of 3rd period - Slapshot by Oscar Klefbom.
14:07 of 3rd period - Stopped by Brian Elliott with a rebound.
14:09 of 3rd period - Slapshot by Oscar Klefbom.
14:09 of 3rd period - Shot Blocked by Jason Dickinson.
14:11 of 3rd period - Snap shot by Kevin Fiala.
14:11 of 3rd period - Stopped by Brian Elliott with a rebound.
15:00 of 3rd period - Snap shot by William Karlsson.
15:00 of 3rd period - Shot Misses the Net.
15:02 of 3rd period - Wrist shot by Anze Kopitar.
15:02 of 3rd period - Stopped by Brian Elliott without a rebound.
15:03 of 3rd period - Aleksander Barkov wins face-off versus Bryan Rust in Oilers zone.
15:04 of 3rd period - Wrist shot by Matvei Michkov.
15:04 of 3rd period - Goal by Matvei Michkov - Oilers : 2 - Kings : 3.
15:05 of 3rd period - Brayden Yager wins face-off versus Yanni Gourde in neutral zone.
15:14 of 3rd period - Wrist shot by Brayden Yager.
15:14 of 3rd period - Deflect By Rickard Rakell.
15:14 of 3rd period - Shot Misses the Net.
15:14 of 3rd period - Puck is out of play.
15:15 of 3rd period - Rickard Rakell wins face-off versus Brayden Yager in Kings zone.
15:36 of 3rd period - Wrist shot by Ryan McLeod.
15:36 of 3rd period - Shot Misses the Net.
15:38 of 3rd period - Wrist shot by Ryan McLeod.
15:38 of 3rd period - Stopped by Anton Forsberg with a rebound.
15:40 of 3rd period - Wrist shot by Brayden Yager.
15:40 of 3rd period - Shot Blocked by Gustav Forsling.
15:42 of 3rd period - Slapshot by Brayden Yager.
15:42 of 3rd period - Shot Misses the Net.
15:44 of 3rd period - Slapshot by Brayden Yager.
15:44 of 3rd period - Shot Misses the Net.
15:46 of 3rd period - Wrist shot by Brayden Yager.
15:46 of 3rd period - Stopped by Anton Forsberg with a rebound.
15:48 of 3rd period - Snap shot by Alexander Edler.
15:48 of 3rd period - Shot Blocked by Noah Hanifin.
15:50 of 3rd period - Wrist shot by Brett Kulak.
15:50 of 3rd period - Shot Blocked by Gustav Forsling.
15:52 of 3rd period - Snap shot by Oskar Sundqvist.
15:52 of 3rd period - Stopped by Anton Forsberg with a rebound.
16:02 of 3rd period - Snap shot by Oskar Sundqvist.
16:02 of 3rd period - Shot Blocked by Yanni Gourde.
16:12 of 3rd period - Slapshot by Brayden Yager.
16:12 of 3rd period - Deflect By Noah Hanifin.
16:12 of 3rd period - Stopped by Anton Forsberg without a rebound.
16:13 of 3rd period - Aleksander Barkov wins face-off versus Bryan Rust in Kings zone.
16:26 of 3rd period - Slapshot by Aleksander Barkov.
16:26 of 3rd period - Shot Blocked by Seth Jones.
16:38 of 3rd period - Matthew Wood is hit by Matvei Michkov and loses puck.
17:03 of 3rd period - Slapshot by Cameron York.
17:03 of 3rd period - Deflect By Nicolas Deslauriers.
17:03 of 3rd period - Shot Misses the Net.
17:03 of 3rd period - Puck is out of play.
17:04 of 3rd period - Gabriel Vilardi wins face-off versus Dakota Joshua in Kings zone.
17:27 of 3rd period - Slapshot by Mattias Samuelsson.
17:27 of 3rd period - Shot Misses the Net.
17:37 of 3rd period - Kirill Marchenko is hit by Ryan Reaves and loses puck.
17:46 of 3rd period - Wrist shot by Gabriel Vilardi.
17:46 of 3rd period - Shot Misses the Net.
17:48 of 3rd period - Snap shot by Kirill Marchenko.
17:48 of 3rd period - Shot Misses the Net.
18:02 of 3rd period - Icing by Mattias Samuelsson.
18:03 of 3rd period - Dakota Joshua wins face-off versus Yanni Gourde in Oilers zone.
18:36 of 3rd period - Wrist shot by Brayden Yager.
18:36 of 3rd period - Stopped by Anton Forsberg with a rebound.
18:38 of 3rd period - Wrist shot by Oskar Sundqvist.
18:38 of 3rd period - Stopped by Anton Forsberg without a rebound.
18:39 of 3rd period - Brayden Yager wins face-off versus Rickard Rakell in Kings zone.
18:52 of 3rd period - Slapshot by Yanni Gourde.
18:52 of 3rd period - Shot Misses the Net.
18:54 of 3rd period - Slapshot by Ilya Lyubushkin.
18:54 of 3rd period - Shot Blocked by Ryan McLeod.
19:10 of 3rd period - Oilers, Brian Elliott is pulled from the net.
19:12 of 3rd period - Wrist shot by Oskar Sundqvist.
19:12 of 3rd period - Shot Misses the Net.
19:18 of 3rd period - Slapshot by Samuel Girard.
19:18 of 3rd period - Stopped by Anton Forsberg without a rebound.
19:19 of 3rd period - call a timeout for Oilers.
19:19 of 3rd period - Bryan Rust wins face-off versus Aleksander Barkov in Kings zone.
19:58 of 3rd period - Wrist shot by Samuel Girard.
19:58 of 3rd period - Stopped by Anton Forsberg with a rebound.
Goals for this period are 0 for Oilers vs 1 for Kings.
Shots for this period are 13 for Oilers vs 8 for Kings.